 Dungeon Crawl Stone Soup version 0.21-a0-584-g185da8e (webtiles) character file.

6280 Roak the Grappler (level 10, -18/96 HPs)
             Began as a Troll Monk on Dec 21, 2017.
             Was a High Priest of Hepliaklqana.
             Demolished by an orc warrior
             ... wielding a +0 halberd
              (36 damage)
             ... in a bailey.
             The game lasted 00:32:14 (6170 turns).

Roak the Grappler (Troll Monk)                      Turns: 6170, Time: 00:32:14

Health: -18/96     AC:  6    Str: 21    XL:     10   Next: 63%
Magic:  9/9        EV: 10    Int:  9    God:    Hepliaklqana [*****.]
Gold:   439        SH:  0    Dex: 12    Spells: 9/9 levels left

rFire    . . .     SeeInvis .     - Unarmed
rCold    . . .     Gourm    +   (no shield)
rNeg     + . .     Faith    .   a - +0 robe
rPois    .         Spirit   .   m - +1 hat
rElec    .         Reflect  .   (no cloak)
rCorr    .         Harm     .   (gloves unavailable)
MR       +....                  (boots unavailable)
Stlth    ++........             G - amulet of magic regeneration
HPRegen  0.66/turn              w - ring of positive energy
MPRegen  0.36/turn              j - ring of protection from magic

@: no status effects
A: large, unfitting armour, reduced essence, claws 3, fast metabolism 3,
gourmand, regeneration 1, shaggy fur 1, tough skin 2
a: Recall Ancestor, Ancestor Identity, Transference, Idealise, Renounce Religion


You were in a bailey.
You worshipped Hepliaklqana.
Hepliaklqana was extremely pleased with you.
You were completely stuffed.

You visited 2 branches of the dungeon, and saw 9 of its levels.
You also visited: Bailey.

You collected 439 gold pieces.

Inventory:

Missiles
 c - 365 stones
 d - 12 poisoned needles
 v - 5 curare-tipped needles
 C - 3 tomahawks of returning (quivered)
Armour
 a - a +0 robe (worn)
 m - a +1 hat (worn)
Jewellery
 j - a ring of protection from magic (right claw)
 w - a ring of positive energy (left claw)
 F - an uncursed ring of flight
 G - an amulet of magic regeneration (around neck)
Wands
 k - a wand of flame (21)
 B - a wand of iceblast (9)
Scrolls
 e - 4 scrolls of magic mapping {unknown}
 g - 4 scrolls of enchant weapon {unknown}
 n - 6 scrolls of remove curse {unknown}
 o - 2 scrolls of amnesia {unknown}
 q - a scroll of noise {unknown}
 r - 2 scrolls of fog {unknown}
 t - a scroll of immolation {unknown}
 y - 6 scrolls of enchant armour {unknown}
 z - 2 scrolls of teleportation {unknown}
Potions
 f - 6 potions of curing
 h - a potion of agility
 i - a potion of degeneration
 l - a potion of lignification
 p - 2 potions of flight
 s - 3 potions of might
 u - 6 potions of heal wounds
 x - 2 potions of invisibility
 A - a potion of brilliance {unknown}
 H - a potion of berserk rage {unknown}
Books
 D - a book of Misfortune

   Spells                             Type                      Level
   a - Confusing Touch                Hexes                        1
   b - Confuse                        Hexes                        3
   c - Gell's Gravitas                Translocation                3
   d - Petrify                        Transmutation/Earth          4
   e - Metabolic Englaciation         Hexes/Ice                    5
   f - Yara's Violent Unravelling     Hexes/Transmutation          5
Comestibles
 b - 28 rations


   Skills:
 + Level 9.3 Fighting
 + Level 5.2 Throwing
 - Level 2.4 Dodging
 - Level 1.0 Stealth
 + Level 11.0 Unarmed Combat


You had 9 spell levels left.
You didn't know any spells.

Dungeon Overview and Level Annotations

Branches:
Dungeon (8/15)             Temple (1/1) D:4
   Lair: D:8-11

Altars:
Ashenzari
Cheibriados
Dithmenos
Elyvilon
Fedhas
Gozag
Hepliaklqana
Kikubaaqudgha
Makhleb
Nemelex Xobeh
Okawaru
Qazlal
Ru
Sif Muna
Trog
Uskayaw
Vehumet
Wu Jian
Xom
Yredelemnul
Zin
The Shining One
Lugonu


Innate Abilities, Weirdness & Mutations

You are too large for most types of armour.
You have claws for hands.
Your metabolism is lightning-fast.
You like to eat raw meat.
Your natural rate of healing is unusually fast.
You are covered in fur. (AC +1)
You have very tough skin. (AC +2)
Your life essence is reduced to manifest your ancestor. (-10% HP)


Message History

The orc knight hits Agathoclea with a halberd!
You barely miss the orc knight.
The orc knight is almost dead.
Agathoclea hits the orc knight but does no damage.
Agathoclea drains the orc knight!
The orc warrior hits you from afar with a halberd!
The orc knight hits you with a halberd!
You mangle the orc knight!!
You kill the orc knight!
The orc warrior hits you with a halberd!!
* * * LOW HITPOINT WARNING * * *
Agathoclea hits the orc warrior with a dagger of draining.
You closely miss the orc warrior. Your claw misses the orc warrior.
The orc warrior is lightly wounded.
The orc warrior barely misses you.
You scratch the orc warrior.
The orc warrior is lightly wounded.
Agathoclea hits the orc warrior with a dagger of draining.
The orc warrior hits you with a halberd!!!
You die...

#######
##..∩..##
#.......#
#.(???..#
#..???..#
#)@.....#
#.Ro....#
#.......#
#.......#
#.......#
#.......#
#.......#
##.....##
#'''''#


You could see the friendly Agathoclea the hexer and an orc warrior.

Vanquished Creatures
  3 orc knights (Bailey)
  Grinder (D:5)
  A hippogriff (D:8)
  Sigmund (D:2)
  3 yaks (D:5)
  3 hogs (D:7)
  Eustachio (D:6)
  A human (D:7)
  The ghost of Amnesiac the Chiller, an amateur DEIE of Sif Muna (D:4)
  6 orc warriors
  A black bear (D:8)
  A sky beast (D:6)
  A phantom (D:5)
  2 ice beasts
  3 ogres
  2 bullfrogs
  A water moccasin zombie (D:6)
  4 scorpions
  A howler monkey (D:4)
  2 crimson imps (D:5)
  A bullfrog zombie (D:7)
  A hound (D:4)
  A gnoll shaman (D:7)
  9 orc priests
  3 orc wizards
  2 centaur skeletons (D:6)
  3 iguanas
  Natasha (thrice) (D:3)
  3 worker ants
  Robin (D:2)
  3 gnolls (D:7)
  10 adders
  A shadow imp (D:7)
  An ooze (D:1)
  An adder zombie (D:5)
  A worm (D:2)
  4 dart slugs
  44 orcs
  A ball python (D:3)
  5 giant cockroaches
  21 goblins
  3 hobgoblins
  9 jackals
  3 quokkas
  6 bats
  2 frilled lizards (D:2)
  5 kobolds
  A leopard gecko zombie (D:7)
  A quokka skeleton (D:4)
  8 rats
196 creatures vanquished.

Vanquished Creatures (collateral kills)
  A hog (D:7)
  2 orc warriors (Bailey)
  A centaur (D:5)
  An orc priest (D:6)
  2 orc wizards (D:7)
  A bullfrog skeleton (D:8)
  A gnoll (D:7)
  11 orcs
  A bat (D:3)
  A goblin (D:3)
  2 jackals
  A quokka (D:3)
25 creatures vanquished.

Vanquished Creatures (others)
  2 hexers
2 creatures vanquished.

Grand Total: 223 creatures vanquished

Notes
Turn   | Place    | Note
-------+----------+-------------------------------------------
     0 | D:1      | Roak the Troll Monk began the quest for the Orb.
     0 | D:1      | Reached XP level 1. HP: 22/22 MP: 0/0
   100 | D:1      | Reached XP level 2. HP: 29/29 MP: 1/1
   499 | D:2      | Noticed Sigmund
   514 | D:2      | Reached XP level 3. HP: 37/37 MP: 2/2
   709 | D:2      | Killed Sigmund
   709 | D:2      | Reached skill level 4 in Unarmed Combat
   709 | D:2      | Reached XP level 4. HP: 48/48 MP: 3/3
   709 | D:2      | Reached XP level 5. HP: 54/54 MP: 4/4
   983 | D:2      | Noticed Robin
   985 | D:2      | Reached skill level 5 in Unarmed Combat
  1021 | D:2      | Killed Robin
  1153 | D:2      | Found a hide-covered altar of Uskayaw.
  1256 | D:2      | Found an opulent altar of Gozag.
  1257 | D:2      | Found a glowing silver altar of Zin.
  1346 | D:2      | Found a hazy altar of Hepliaklqana.
  1353 | D:2      | Became a worshipper of Hepliaklqana the Forgotten
  1353 | D:2      | Reached * piety under Hepliaklqana
  1353 | D:2      | Reached ** piety under Hepliaklqana
  1355 | D:2      | Remembered your ancestor Agathoclea as a hexer
  1558 | D:3      | Reached XP level 6. HP: 56/56 MP: 5/5
  1757 | D:3      | Noticed Natasha
  1758 | D:3      | Found a shadowy altar of Dithmenos.
  1760 | D:3      | Killed Natasha
  1995 | D:3      | Noticed Natasha
  1999 | D:3      | Killed Natasha
  2063 | D:4      | Found a stormy altar of Qazlal.
  2227 | D:4      | Reached skill level 5 in Fighting
  2227 | D:4      | Reached skill level 6 in Unarmed Combat
  2227 | D:4      | Reached XP level 7. HP: 59/64 MP: 6/6
  2249 | D:4      | Noticed Amnesiac's ghost (amateur DEIE)
  2319 | D:3      | Noticed Natasha
  2324 | D:3      | Killed Natasha
  2508 | D:4      | Killed Amnesiac's ghost
  2644 | D:4      | Reached *** piety under Hepliaklqana
  2649 | D:4      | Found a snail-covered altar of Cheibriados.
  2657 | D:4      | Found a staircase to the Ecumenical Temple.
  2666 | Temple   | Entered the Ecumenical Temple
  2723 | D:4      | Found a blossoming altar of Fedhas.
  2986 | D:5      | Entered Level 5 of the Dungeon
  3012 | D:5      | Noticed Grinder
  3034 | D:5      | Killed Grinder
  3034 | D:5      | Reached skill level 7 in Unarmed Combat
  3034 | D:5      | Reached XP level 8. HP: 45/74 MP: 7/7
  3167 | D:5      | Found a white marble altar of Elyvilon.
  3212 | D:5      | Reached skill level 8 in Unarmed Combat
  3339 | D:5      | Found a basalt altar of Yredelemnul.
  3597 | D:5      | Reached **** piety under Hepliaklqana
  4044 | D:6      | Noticed Eustachio
  4070 | D:6      | Reached XP level 9. HP: 63/83 MP: 8/8
  4105 | D:6      | Killed Eustachio
  4105 | D:6      | Reached skill level 9 in Unarmed Combat
  4274 | D:6      | Found a hazy altar of Hepliaklqana.
  4809 | D:6      | Reached skill level 1 in Throwing
  5204 | D:7      | Found a sparkling altar of Nemelex Xobeh.
  5276 | D:7      | Reached skill level 10 in Unarmed Combat
  5287 | D:7      | Reached XP level 10. HP: 86/95 MP: 9/9
  5322 | D:7      | Found a deep blue altar of Sif Muna.
  5322 | D:7      | Found a bloodstained altar of Trog.
  5331 | D:7      | Found a radiant altar of Vehumet.
  5334 | D:7      | Found a shimmering altar of Xom.
  5335 | D:7      | Found a faded altar of an unknown god.
  5501 | D:8      | Found a sacrificial altar of Ru.
  5588 | D:8      | Reached ***** piety under Hepliaklqana
  5604 | D:8      | Found a flagged portal.
  5641 | Bailey   | Entered a bailey
  5886 | Bailey   | Noticed an orc knight
  5922 | Bailey   | HP: 4/96 [orc warrior/spear (6)]
  5924 | Bailey   | Killed an orc knight
  6030 | Bailey   | Noticed an orc knight
  6040 | Bailey   | Killed an orc knight
  6157 | Bailey   | Noticed an orc knight
  6167 | Bailey   | Killed an orc knight
  6167 | Bailey   | Reached skill level 5 in Throwing
  6167 | Bailey   | Reached skill level 11 in Unarmed Combat
  6170 | Bailey   | Demolished by an orc warrior

Vault maps used:
D:1:      minmay_arrival_five_plusses
D:2:      grunt_temple_overflow_gold_and_silver, eat_drink_and_be_merry_uskayaw,
          marbit_many_paths, uniq_sigmund, uniq_robin
D:3:      grunt_dithmenos_smoke, first_ration, uniq_natasha
D:4:      kennysheep_big_flooded_room, lemuel_doored_altar, old_standard_altar,
          minmay_temple_entry_junction, eino_curves_01, grunt_qazlal_sundering
D:5:      elyvilon_altar_5, overflow_temple_1_default, uniq_grinder
D:6:      basic_altar, uniq_eustachio
D:7:      nemelex_xobeh_ov_fountains_minmay,
          chequers_temple_overflow_minitemple, grunt_livestock
D:8:      cheibrodos_helix_gallery, nicolae_ru_great_annihilating_truth,
          serial_bayou, serial_bayou_shore_a, serial_bayou_pond_a,
          serial_bayou_lake_a, serial_bayou_lagoon_a, enter_bailey_3, uniq_pikel
Temple:   corrupted_temple
Bailey:   bailey_polearm_5, bailey

Skill      XL: |  1  2  3  4  5  6  7  8  9 10 |
---------------+-------------------------------+-----
Fighting       | 3 4 5 6 7 8 9 |  9.3
Unarmed Combat | 4 5 6 7 8 10 11 | 11.0
Throwing       | 3 5 |  5.2
Dodging        | |  2.4
Stealth        | |  1.0

Action                   |  1- 3 |  4- 6 |  7- 9 | 10-12 || total
-------------------------+-------+-------+-------+-------++-------
Melee: Unarmed           |    52 |    96 |   278 |    74 ||   500
       Punch             |       |       |    13 |     3 ||    16
Throw: Stone             |    39 |    49 |    27 |       ||   115
       Tomahawk          |       |       |    14 |    14 ||    28
Invok: Ancestor Life: He |       |     1 |       |       ||     1
       Recall Ancestor   |       |       |     1 |       ||     1
Evoke: Wand              |       |       |       |     4 ||     4
  Use: Scroll            |       |       |     7 |       ||     7
       Potion            |       |       |       |     2 ||     2
 Stab: Sleeping          |     1 |     1 |       |       ||     2
       Confused          |       |     1 |     1 |       ||     2
       Invisible         |       |       |       |     1 ||     1
  Eat: Chunk             |     6 |    20 |    28 |     8 ||    62
Armor: Robe              |    16 |    20 |    53 |    18 ||   107
Dodge: Dodged            |    20 |    42 |    82 |    49 ||   193

Table legend:
 A = Spawn XP
 B = Non-spawn XP
 C = Spawn XP percentage of total XP
 D = Spawn monster count
 E = Non-spawn monster count
 F = Spawn count percentage of total count
 G = Total turns spent on level
                    A         B        C        D         E        F      G
               +---------+---------+-------+---------+---------+-------+---------
         Total |       0 |    8972 |   0.0 |       0 |     221 |   0.0 |  6170
               +---------+---------+-------+---------+---------+-------+---------
           D:1 |       0 |      31 |   0.0 |       0 |      15 |   0.0 |   570
           D:2 |       0 |     325 |   0.0 |       0 |      33 |   0.0 |   832
           D:3 |       0 |     182 |   0.0 |       0 |      18 |   0.0 |   855
           D:4 |       0 |     633 |   0.0 |       0 |      16 |   0.0 |   687
           D:5 |       0 |    1391 |   0.0 |       0 |      15 |   0.0 |  1021
           D:6 |       0 |    1291 |   0.0 |       0 |      28 |   0.0 |   855
           D:7 |       0 |    1767 |   0.0 |       0 |      40 |   0.0 |   601
           D:8 |       0 |     579 |   0.0 |       0 |      17 |   0.0 |   178
        Bailey |       0 |    2773 |   0.0 |       0 |      39 |   0.0 |   529
               +---------+---------+-------+---------+---------+-------+---------
